 Dungeon Crawl Stone Soup version 0.22.1-1-ga44c0e56f4 (webtiles) character file.

249 LLavrengius the Skirmisher (level 6, 0/39 HPs)
             Began as a Gargoyle Fighter on Sept 22, 2018.
             Killed from afar by Sigmund (4 damage)
             ... with a magic dart
             ... while paralysed by Grinder
             ... on level 4 of the Dungeon.
             The game lasted 00:12:09 (2595 turns).

LLavrengius the Skirmisher (Gargoyle Fighter)       Turns: 2595, Time: 00:12:10

Health: 0/39       AC: 13    Str: 20    XL:     6   Next: 12%
Magic:  7/7        EV:  2    Int: 10    God:
Gold:   241        SH:  0    Dex:  9    Spells: 2/5 levels left

rFire    . . .     SeeInvis .   a - +1 flail
rCold    . . .     Gourm    .   c - +0 shield
rNeg     + . .     Faith    .   p - +0 chain mail
rPois    ∞         Spirit   .   (no helmet)
rElec    +         Reflect  .   (no cloak)
rCorr    .         Harm     .   (no gloves)
MR       .....                  (no boots)
Stlth    ..........             g - amulet of rage
HPRegen  0.13/turn              (no ring)
MPRegen  0.10/turn              (no ring)

@: paralysed
A: negative energy resistance 1, electricity resistance, unbreathing,
petrification resistance, rot immunity, AC +4
a: Evoke Berserk Rage


You were on level 4 of the Dungeon.
You were not hungry.

You visited 1 branch of the dungeon, and saw 4 of its levels.

You collected 241 gold pieces.

Inventory:

Hand Weapons
 a - a +1 flail (weapon)
Missiles
 l - 13 bolts
 q - 89 stones (quivered)
 s - 21 sling bullets
Armour
 c - a +0 shield (worn)
 p - a +0 chain mail (worn)
Jewellery
 b - an uncursed ring of magical power {unknown}
 g - an amulet of rage (around neck)
 n - an uncursed ring of protection from cold {unknown}
 t - an uncursed amulet of the acrobat {unknown}
 x - an uncursed amulet of faith {unknown}
 B - an uncursed ring of fire {unknown}
Wands
 r - a wand of iceblast (5)
Scrolls
 j - 6 scrolls of identify {unknown}
 m - 2 scrolls of magic mapping
 w - 2 scrolls of remove curse
 C - a scroll of fog
Potions
 d - a potion of might
 h - a potion of ambrosia {unknown}
 k - 2 potions of flight {unknown}
 o - a potion of lignification {unknown}
 u - 4 potions of curing {unknown}
 z - a potion of brilliance {unknown}
 A - a potion of agility {unknown}
Comestibles
 f - 8 rations
 D - a chunk of flesh


   Skills:
 + Level 4.6 Fighting
 * Level 4.0 Maces & Flails
 - Level 3.3 Armour
 + Level 4.3 Shields
 + Level 2.0 Evocations


You had 2 spell levels left.
You knew the following spells:

 Your Spells              Type           Power        Failure   Level  Hunger
a - Tukima's Dance        Hex            #.......     100%        3    ####...

Your spell library contained the following spells:

 Spells                   Type           Power        Failure   Level  Hunger
 Corona                   Hex            #......      100%        1    ##.....
 Ensorcelled Hibernation  Hex/Ice        #.....       100%        2    ###....
 Confuse                  Hex            #.......     100%        3    ####...
 Dazzling Spray           Conj/Hex       #.....       100%        3    ####...


Dungeon Overview and Level Annotations

Branches:
Dungeon (4/15)
 Temple: D:4-7

Altars:

Annotations:
D:4 Grinder, Sigmund


Innate Abilities, Weirdness & Mutations

You are resistant to torment.
Your stone body is resilient. (AC +4)
You are immune to poison.
You resist negative energy. (rN+)
You are resistant to electric shocks. (rElec)
You can survive without breathing.
You are immune to petrification.
You are immune to rotting.


Message History

Grinder hits you.
* * * LOW HITPOINT WARNING * * *
You writhe in agony.
* * * LOW HITPOINT WARNING * * *
Something hits you.
* * * LOW HITPOINT WARNING * * *
Something hits you but does no damage.
Grinder says, "I used to sell toenails on the black market."
You block Grinder's attack.
Grinder says, "Just stop there for a second..."
Sigmund appears from thin air!
Reactivating autopickup.
Grinder gestures at you. Pain shoots through your body!
* * * LOW HITPOINT WARNING * * *
Grinder gestures at you.
You suddenly lose the ability to move!
Sigmund points at you and mumbles some strange words.
The magic dart hits you!
You die...

*,,,,,,,,,,** ##.#.
*.....,,,,** ##.##.
*#....,,,** ##### ##.##*#
*....,,** ###...### #..# *
**...*** ##.......####.##
**..* ##..........#.## *#.*
###......(.....<#
#.###...............# ####*
#..#.....@..........#
....#####...5..............#
......##....@.............##
......#...#...............#
........###...............#
...!...## #...............#
....§§.## ##.............##
...§§§§.# #.............#
...§§§..# ##............#


You could see Grinder and Sigmund.

Vanquished Creatures
  A crimson imp (D:3)
  2 orc wizards (D:3)
  6 adders
  5 dart slugs
  8 worms
  2 leopard geckos
  2 orcs
  8 bats
  9 giant cockroaches
  9 goblins
  9 hobgoblins
  A quokka (D:2)
  5 ball pythons
  2 frilled lizards (D:3)
  3 kobolds
  2 rats
74 creatures vanquished.

Notes
Turn   | Place    | Note
-------+----------+-------------------------------------------
     0 | D:1      | LLavrengius the Gargoyle Fighter began the quest for the
                  | Orb.
     0 | D:1      | Reached XP level 1. HP: 14/14 MP: 1/1
   209 | D:1      | Reached XP level 2. HP: 20/20 MP: 2/2
   474 | D:1      | Reached XP level 3. HP: 24/24 MP: 3/3
  1047 | D:2      | Reached skill level 1 in Evocations
  1121 | D:2      | Reached XP level 4. HP: 29/29 MP: 4/4
  1331 | D:2      | Reached XP level 5. HP: 12/33 MP: 4/6
  2081 | D:3      | Reached XP level 6. HP: 26/39 MP: 7/7
  2100 | D:3      | Learned a level 3 spell: Tukima's Dance
  2543 | D:4      | Noticed Grinder
  2544 | D:4      | Noticed Sigmund
  2560 | D:4      | Paralysed by Grinder for 5 turns
  2575 | D:4      | Paralysed by Grinder for 4 turns
  2595 | D:4      | Paralysed by Grinder for 4 turns
  2595 | D:4      | Killed from afar by Sigmund

Skill      XL: |  1  2  3  4  5  6 |
---------------+-------------------+-----
Fighting       | 4 |  4.6
Evocations     | 1 2 |  2.0
Maces & Flails | 3 4 |  4.0
Shields        | 4 |  4.3
Armour         | |  3.3

Action                   |  1- 3 |  4- 6 || total
-------------------------+-------+-------++-------
Melee: Flail             |   136 |   241 ||   377
  Use: Scroll            |       |     7 ||     7
  Eat: Chunk             |     1 |     5 ||     6
Armor: Scale mail        |    45 |       ||    45
       Chain mail        |    44 |   171 ||   215
Dodge: Dodged            |    30 |    71 ||   101
Block: Shield            |    68 |   162 ||   230
